 Seeded DCSS version 0.29.1-15-g9cfb28693d (webtiles) character file.

Game seed: 1019281591211795276 (custom seed)

24616 NateTC the Fighter (level 12, 0/116 HPs)
             Began as a Minotaur Fighter on Apr 18, 2023.
             Was a High Priest of Okawaru.
             Blown up by a sun moth (14 damage)
             ... with a bolt of energy
             ... on level 3 of the Lair of Beasts.
             The game lasted 00:22:03 (17348 turns).

NateTC the Fighter (Minotaur Fighter)              Turns: 17348, Time: 00:22:04

Health: 0/116      AC: 36    Str: 25    XL:     12   Next: 82%
Magic:  0/13       EV:  8    Int:  8    God:    Okawaru [*****.]
Gold:   2654       SH:  0    Dex: 11    Spells: 11/11 levels left

rFire   . . .      SeeInvis .   f - +5 triple sword (elec)
rCold   . . .      Faith    .   (shield currently unavailable)
rNeg    . . .      Spirit   +   e - +8 orange crystal plate armour {Archmagi, Int+3 Clar}
rPois   .          Reflect  .   (helmet restricted)
rElec   .          Harm     .   o - +1 cloak
rCorr   .          Rampage  .   (no gloves)
Will    .....      Archmagi +   (no boots)
Stlth   .......... Clarity  +   x - amulet of guardian spirit
HPRegen 0.29/turn               q - +4 ring of protection
MPRegen 0.13/turn               (no ring)

@: on fire, glowing
A: horns 2, retaliatory headbutt
a: Renounce Religion, Heroism, Finesse, Duel


You were on level 3 of the Lair of Beasts.
You worshipped Okawaru.
Okawaru was extremely pleased with you.
You visited 4 branches of the dungeon, and saw 18 of its levels.

You collected 2920 gold pieces.
You spent 266 gold pieces at shops.

Inventory:

Hand Weapons
 f - a +5 triple sword of electrocution (weapon)
Armour
 e - the +8 orange crystal plate armour (worn) {Archmagi, Int+3 Clar}
   (You acquired it on level 2 of the Dungeon)

   Int:       It affects your intelligence (+3).
   Clar:      It protects you against confusion.
 o - a +1 cloak (worn)
Jewellery
 q - a +4 ring of protection (left hand)
 x - an amulet of guardian spirit (around neck)
Wands
 b - a wand of polymorph (17)
 h - a wand of paralysis (17)
 j - a wand of flame (59)
 m - a wand of mindburst (9)
 s - a wand of roots (17)
Scrolls
 c - a scroll of magic mapping
 n - 4 scrolls of teleportation
 p - 2 scrolls of fear
 v - 2 scrolls of amnesia
Potions
 a - a potion of magic
 d - a potion of might
 i - 4 potions of lignification
 k - 2 potions of berserk rage
 l - 2 potions of brilliance
 r - a potion of resistance
 t - 3 potions of flight
 u - a potion of ambrosia {unknown}
 w - 3 potions of attraction
 z - 3 potions of curing
 A - a potion of haste


   Skills:
 * Level 13.8 Fighting
 * Level 13.3 Long Blades
 * Level 11.9 Armour
 - Level 10.5 Dodging
 - Level 3.6 Shields
 - Level 3.4 Invocations
 * Level 5.5 Evocations


You had 11 spell levels left.
You didn't know any spells.
Your spell library contained the following spells:

 Spells                   Type           Power      Damage    Failure   Level
 Apportation              Tloc           0%         N/A       100%        1
 Necrotise                Necr           0%         1d4       100%        1
 Ensorcelled Hibernation  Hex/Ice        0%         N/A       100%        2
 Spider Form              Tmut/Pois      0%         N/A       100%        3
 Anguish                  Hex/Necr       0%         N/A       100%        4
 Passage of Golubria      Tloc           0%         N/A       100%        4
 Silence                  Hex/Air        0%         N/A       100%        5
 Lehudib's Crystal Spear  Conj/Erth      0%         10d2      100%        8
 Summon Small Mammal      Summ           Unusable   N/A       N/A         1

Dungeon Overview and Level Annotations

Branches:
Dungeon (11/15)            Temple (1/1) D:5            Lair (5/5) D:10
 Shoals (0/4) Lair:3       Spider (1/4) Lair:3          Orc (0/2) D:10
  Slime: Lair:4-5

Altars:
Ashenzari
Cheibriados
Dithmenos
Elyvilon
Fedhas
Gozag
Hepliaklqana
Kikubaaqudgha
Makhleb
Nemelex Xobeh
Okawaru
Qazlal
Ru
Sif Muna
Trog
Uskayaw
Vehumet
Wu Jian
Xom
Yredelemnul
Zin
The Shining One

Shops:
D:2 ?

Annotations:
D:3 1 transporter
Lair:5 Sonja


Innate Abilities, Weirdness & Mutations

You have a pair of horns on your head.
You reflexively headbutt those who attack you in melee.


Message History

The sun moth is lightly wounded.
The redback bites you but does no damage.
You barely miss the redback. The sun moth throws energy at you.
The bolt of energy hits you!
* * * LOW HITPOINT WARNING * * *
The redback barely misses you. The sun moth barely misses you.
The redback attacks as you move away!
The redback bites you but does no damage. x2
You slice the redback!!
The redback is severely wounded.
The redback bites you but does no damage.
The sun moth bites you but does no damage.
You slice the redback!! Lightning courses through the redback!!
You kill the redback!
Okawaru accepts your kill. The sun moth bites you.
* * * LOW HITPOINT WARNING * * *
Okay, then.
Okay, then.
You feel better. The sun moth throws energy at you.
The bolt of energy hits you!
* * * LOW HITPOINT WARNING * * *
The sun moth bites you but does no damage.
You closely miss the sun moth. You headbutt the sun moth.
The sun moth is lightly wounded.
The sun moth bites you but does no damage.
You slash the sun moth!
The sun moth is moderately wounded.
The sun moth bites you but does no damage.
You hit the sun moth.
The sun moth is moderately wounded.
The sun moth throws sticky fire at you. The sticky flame hits you.
You are covered in liquid flames!
* * * LOW HITPOINT WARNING * * *
The sun moth throws energy at you. The bolt of energy hits you!
You die...

##### ##P.P#### ##.......##
#...###...# ###....#..#.# ###
#...###..######.#
##..####...^^.@^# ##
#.###...#..≈≈y'##############.
##.###...^^.≈≈..##.#P.....#..##
##...##.#..#..≈.>##.PP..........
#.#..####.#..≈≈...#......P+###..
##..###^...#^.≈≈'#####...#...#..
#..#.#...........# ##..#...#..
#...###..###..^)### #.........
##.###..^...#####.# #......P..


You could see a sun moth.

Vanquished Creatures
  A hydra (Lair:2)
  2 boulder beetles
  A two-headed ogre (D:9)
  An orb spider (Lair:3)
  A steelbarb worm (Spider:1)
  2 lindwurms (Lair:3)
  A manticore (Lair:3)
  A cyclops (D:10)
  Joseph (D:7)
  A black mamba (Lair:3)
  Maggie (D:9)
  8 cane toads
  3 rime drakes
  4 komodo dragons
  2 polar bears
  A wind drake (Lair:3)
  Prince Ribbit (D:5)
  Grinder (D:3)
  5 blink frogs (Lair:4)
  2 shadows
  A wraith (D:10)
  8 wyverns
  35 yaks
  2 basilisks
  2 redbacks
  A steam dragon (D:6)
  Menkaure (D:5)
  An acid dragon (D:10)
  6 water moccasins
  4 ice beasts
  6 orc warriors
  A black bear (D:5)
  3 ogres
  3 centaurs
  5 wolves (Lair:4)
  A kobold brigand (D:7)
  A phantom (D:4)
  6 bullfrogs
  2 scorpions (D:6)
  15 wights
  7 killer bees
  2 howler monkeys
  4 jellies
  6 orc priests
  A hound (D:7)
  2 gnoll boudas
  An iguana (D:4)
  9 orc wizards
  8 gnolls
  7 adders
  3 shadow imps
  3 white imps
  2 ufetubi
  A worm (D:4)
  A dart slug (D:3)
  32 orcs
  10 ball pythons
  5 bats
  5 endoplasms
  8 giant cockroaches
  9 goblins
  6 hobgoblins
  12 kobolds
  4 quokkas
  8 frilled lizards
  6 rats
306 creatures vanquished.

Vanquished Creatures (others)
  The ghost of wextippler1 the Gusty, an amateur DEAE (D:3)
  2 gnolls (D:3)
  3 fungi
  11 plants
17 creatures vanquished.

Grand Total: 323 creatures vanquished

Notes
Turn   | Place    | Note
-------+----------+-------------------------------------------
     0 | D:1      | NateTC the Minotaur Fighter began the quest for the Orb.
     0 | D:1      | Reached XP level 1. HP: 19/19 MP: 0/0
     6 | D:1      | Identified 3 scrolls of acquirement
     6 | D:1      | Acquired 721 gold pieces
     8 | D:1      | Acquired a +3 triple sword of holy wrath
    18 | D:1      | Acquired 1231 gold pieces
   445 | D:1      | Reached XP level 2. HP: 27/27 MP: 1/1
   488 | D:1      | Found a faded altar of an unknown god.
   860 | D:1      | Reached XP level 3. HP: 33/33 MP: 2/2
  1276 | D:2      | Found Seuseagikh's Magic Scroll Shoppe.
  1403 | D:2      | Bought a scroll of brand weapon for 133 gold pieces
  1403 | D:2      | Bought a scroll of brand weapon for 133 gold pieces
  1403 | D:2      | Acquired the +8 orange crystal plate armour {Archmagi,
                  | Int+3 Clar}
  1403 | D:2      | Found the +8 orange crystal plate armour {Archmagi, Int+3
                  | Clar}
  2042 | D:3      | Noticed Grinder
  2047 | D:3      | Killed Grinder
  2048 | D:3      | Reached skill level 5 in Fighting
  2048 | D:3      | Reached skill level 5 in Long Blades
  2048 | D:3      | Reached skill level 5 in Armour
  2048 | D:3      | Reached XP level 4. HP: 27/42 MP: 3/3
  2048 | D:3      | Reached XP level 5. HP: 31/48 MP: 4/4
  2293 | D:3      | Found a transporter.
  2307 | D:3      | Reached XP level 6. HP: 56/56 MP: 5/5
  2392 | D:3      | Found a transporter.
  2439 | D:3      | Noticed wextippler1's ghost (amateur DEAE)
  2578 | D:3      | Paralysed by a gnoll for 2 turns
  2580 | D:3      | Killed wextippler1's ghost
  3456 | D:4      | Reached XP level 7. HP: 51/62 MP: 6/6
  3674 | D:5      | Entered Level 5 of the Dungeon
  3750 | D:5      | Noticed a wyvern
  3751 | D:5      | Killed a wyvern
  3950 | D:5      | Found a shimmering altar of Xom.
  3960 | D:5      | Noticed Prince Ribbit
  3965 | D:5      | Found a staircase to the Ecumenical Temple.
  3998 | D:5      | Killed Prince Ribbit
  3999 | D:5      | Reached XP level 8. HP: 35/71 MP: 7/7
  4125 | Temple   | Entered the Ecumenical Temple
  4362 | D:5      | Found an ancient bone altar of Kikubaaqudgha.
  4406 | D:5      | Noticed Menkaure
  4414 | D:5      | Killed Menkaure
  4648 | D:5      | Found a basalt altar of Yredelemnul.
  4856 | D:5      | Reached skill level 1 in Dodging
  5782 | D:6      | Reached XP level 9. HP: 73/79 MP: 8/8
  5792 | D:6      | Reached skill level 10 in Long Blades
  6630 | D:7      | Noticed Joseph
  6631 | D:7      | Found a shadowy altar of Dithmenos.
  6641 | D:7      | Killed Joseph
  6642 | D:7      | Reached skill level 5 in Dodging
  6642 | D:7      | Reached skill level 1 in Evocations
  7621 | D:7      | Identified the +1 dagger "Tesoudurgh" {flame, rElec rPois
                  | Will+++ Str-5}
  7822 | D:8      | Found a shimmering blue altar of Sif Muna.
  7892 | D:8      | Reached XP level 10. HP: 67/90 MP: 9/9
  8175 | D:8      | Found a stormy altar of Qazlal.
  8248 | D:8      | Found a hazy altar of Hepliaklqana.
  8305 | D:8      | Noticed a boulder beetle
  8325 | D:8      | Killed a boulder beetle
  8867 | D:8      | Identified the +1 leather armour of Xullow Icwe {Will++}
  9074 | D:8      | HP: 2/86 [killer bee (5)]
  9350 | D:9      | Noticed Maggie
  9357 | D:9      | Killed Maggie
  9389 | D:9      | Identified the +1 leather armour of Amunefisi {Int+4}
  9815 | D:9      | Noticed a two-headed ogre
  9826 | D:9      | Killed a two-headed ogre
  9827 | D:9      | Reached skill level 10 in Fighting
 10091 | D:9      | Found a white marble altar of Elyvilon.
 10279 | D:9      | Became a worshipper of Elyvilon the Healer
 10379 | D:10     | Entered Level 10 of the Dungeon
 10410 | D:10     | Found a staircase to the Lair.
 10433 | D:10     | Reached XP level 11. HP: 94/101 MP: 10/10
 10434 | D:10     | Found a staircase to the Orcish Mines.
 10695 | D:10     | Identified the +9 sling of Inquiry {speed, rCorr}
 10991 | D:10     | Reached * piety under Elyvilon
 11182 | D:10     | Found an opulent altar of Gozag.
 11211 | D:10     | Found an iron altar of Okawaru.
 11212 | D:10     | Found a sacrificial altar of Ru.
 11213 | D:10     | Found a bloodstained altar of Trog.
 11532 | D:10     | Fell from the grace of Elyvilon
 11532 | D:10     | Became a worshipper of Warmaster Okawaru
 11839 | Lair:1   | Entered Level 1 of the Lair of Beasts
 11958 | Lair:1   | Identified the +1 robe of the Armoured One {rElec rF- Str-4
                  | Dex+7}
 12045 | Lair:1   | Reached * piety under Okawaru
 12067 | Lair:1   | Reached skill level 10 in Dodging
 12489 | Lair:1   | Reached ** piety under Okawaru
 13599 | Lair:2   | Reached skill level 1 in Invocations
 13756 | Lair:2   | Reached skill level 10 in Armour
 14053 | Lair:2   | Reached *** piety under Okawaru
 14062 | Lair:2   | Noticed an eight-headed hydra
 14094 | Lair:2   | Killed a ten-headed hydra
 14134 | Lair:2   | Reached XP level 12. HP: 98/113 MP: 13/13
 14263 | Lair:2   | Identified the +3 ring mail of the Evening {rC+}
 14891 | Lair:3   | Reached **** piety under Okawaru
 15168 | Lair:3   | Found an ornate altar of the Wu Jian Council.
 15168 | Lair:3   | Noticed a boulder beetle
 15169 | Lair:3   | Found a hide-covered altar of Uskayaw.
 15188 | Lair:3   | Killed a boulder beetle
 15460 | Lair:3   | Found a staircase to the Shoals.
 15801 | Lair:3   | Found a hole to the Spider Nest.
 15819 | Lair:3   | Reached ***** piety under Okawaru
 16398 | Lair:4   | Reached skill level 5 in Evocations
 17058 | Lair:5   | Entered Level 5 of the Lair of Beasts
 17069 | Lair:5   | Noticed Sonja
 17308 | Spider:1 | Entered Level 1 of the Spider Nest
 17348 | Lair:3   | Blown up by a sun moth

Illustrated notes

Levels and vault maps discovered:
D:1:      wander_arrival_lonely_grave, layout_basic,
          shapermc_ecumenical_altar_hornbeckon, minmay_small_reverse_x
D:2:      layout_rooms, serial_shops, nicolae_shop_advertising_works
          [nicolae_subvault_shop_adworks]
D:3:      layout_basic, gammafunk_ghost_gnarly_gnolls, uniq_grinder
D:4:      layout_loops_ring, serial_bayou_pond_b, grunt_decor_mini_mirrors,
          kennysheep_big_empty_room
D:5:      kennysheep_six_static_rooms, layout_basic, kiku_gazebo_garden_becter,
          mainiacjoe_overflow_catwalk_spiral, temple_pool_b,
          uniq_prince_ribbit1, uniq_menkaure
D:6:      layout_basic
D:7:      layout_basic, nicolae_dithmenos_shadow_blocks, uniq_joseph
D:8:      layout_basic, nicolae_qazlal_general_emergency, lemuel_doored_altar,
          nicolae_sif_muna_little_library, nicolae_figureground_pulse
D:9:      layout_loops_corners, kennysheep_mini_moat, uniq_maggie
D:10:     layout_cave_pools, mainiacjoe_overflow_alcove_3, lair_entry_dummy,
          erik_orc_3, kennysheep_minor_cross, item_on_display_a
D:11:     minmay_coctagon, layout_irregular_city, serial_shops,
          nicolae_shop_statue_plus, uniq_grum
Temple:   nicolae_temple_two_arcs
Lair:1:   layout_roguey, grunt_megastairs_4
Lair:2:   layout_hall_layers, infiniplex_staircase_pool_2
Lair:3:   layout_chaotic_city, minmay_shoals_entry_beasts,
          nicolae_spider_entry_orb_guardian, nicolae_volcano_entry_vermiform,
          chequers_serial_rivers_micro_c, nzn_masters_of_martial_movement
Lair:4:   layout_hall_layers, minivault_19
Lair:5:   minmay_lair_end_enchanted_forest, layout_gridlike, slime_entry_1,
          uniq_sonja
Spider:1: layout_chambers

Skill      XL: |  1  2  3  4  5  6  7  8  9 10 11 12 |
---------------+-------------------------------------+-----
Long Blades    | 3 5 6 8 9 11 12 13 | 13.3
Fighting       | 4 5 6 7 8 10 12 13 | 13.8
Armour         | 4 5 6 7 8 10 11 | 11.9
Dodging        | 3 6 8 10 | 10.5
Evocations     | 2 3 5 |  5.5
Invocations    | 3 |  3.4
Shields        | |  3.6

Action                   |  1- 3 |  4- 6 |  7- 9 | 10-12 || total
-------------------------+-------+-------+-------+-------++-------
Melee: Triple sword      |    86 |    53 |   189 |   450 ||   778
       Headbutt          |     6 |     7 |    31 |    99 ||   143
Invok: Heroism           |       |       |       |     2 ||     2
  Use: Scroll            |    11 |     1 |     7 |    13 ||    32
       Potion            |       |       |     2 |    13 ||    15
Armor: Scale mail        |    36 |       |       |       ||    36
       Crystal plate arm |    38 |    55 |   199 |   605 ||   897
Dodge: Dodged            |    31 |    15 |    67 |   219 ||   332
